 Dungeon Crawl Stone Soup version 0.31.0-32-g396128a36d (webtiles) character file.

Game seed: 17741832556085066518

49 spaghetti the Caller (level 3, -1/28 HPs)
             Began as a Mummy Summoner on Mar 12, 2024.
             Slain by a gnoll
             ... wielding a +1 spear of venom
              (6 damage)
             ... on level 3 of the Dungeon.
             The game lasted 00:03:36 (1762 turns).

spaghetti the Caller (Mummy Summoner)               Turns: 1762, Time: 00:03:37

Health: -1/28      AC:  2    Str: 11    XL:     3   Next: 53%
Magic:  0/7        EV: 12    Int: 16    God:
Gold:   16         SH:  0    Dex: 12    Spells: 1/7 levels left

rFire   x . .        i - +0 dagger (venom)
rCold   + . .        (no shield)
rNeg    + + +        a - +0 robe
rPois   ∞            (no helmet)
rElec   .            (no cloak)
rCorr   .            (no gloves)
SInv    .            (no boots)
Will    .....        (no amulet)
Stlth   ++           (no ring)
HPRegen 0.24/turn    (no ring)
MPRegen 0.10/turn

%: faith
@: no status effects
A: cold resistance 1, negative energy resistance 3, torment resistance 2, heat
vulnerability 1, in touch with death 1, no potions, faith
a: no special abilities


You were on level 3 of the Dungeon.
You visited 1 branch of the dungeon, and saw 3 of its levels.

You collected 16 gold pieces.

Inventory:

Hand Weapons
 i - a +0 dagger of venom (weapon)
Armour
 a - a +0 robe (worn)
 d - a +0 plate armour
Magical Staves
 e - a staff of air
Jewellery
 h - a +4 ring of protection
Scrolls
 b - a scroll of amnesia {unknown}
 f - a scroll of noise {unknown}
 g - a scroll of vulnerability {unknown}
 j - a scroll of fog {unknown}
 k - a scroll of teleportation {unknown}


   Skills:
 - Level 2.7 Fighting
 - Level 1.5 Dodging
 - Level 1.5 Stealth
 - Level 2.6 Spellcasting
 + Level 3.6 Summonings


You had one spell level left.
You knew the following spells:

 Your Spells              Type           Power      Damage    Failure   Level
a - Summon Small Mammal   Summ           52%        N/A       4%          1
b - Call Imp              Summ           26%        N/A       7%          2
c - Call Canine Familiar  Summ           13%        N/A       13%         3

Your spell library contained the following spells:

 Spells                   Type           Power      Damage    Failure   Level
 Summon Blazeheart Golem  Fire/Summ      7%         N/A       67%         4
 Summon Lightning Spire   Summ/Air       7%         N/A       67%         4


Dungeon Overview and Level Annotations

Branches:
Dungeon (3/15)

Altars:

Annotations:
D:2 Terence
D:3 Ijyb


Innate Abilities, Weirdness & Mutations

You are immune to poison.
Your flesh is cold resistant. (rC+)
You are immune to negative energy. (rN+++)
You are immune to unholy pain and torment.
You are vulnerable to heat. (rF-)
You are in touch with the powers of death.
You do not drink.
You have a special connection with the divine. (Faith)


Message History

Unknown command.
Unknown command.
Your bat misses Ijyb. The scorpion barely misses you. Ijyb barely misses you.
Casting: Summon Small Mammal (safe; 4% risk of failure)
Confirm with . or Enter, or press ? or * to list all spells.
Your bat hits the scorpion but does no damage. x2
The scorpion stings you. Something closely misses your bat.
Your bat barely misses the gnoll.
You barely miss the scorpion.
Your bat barely misses the scorpion.
Your bat hits the gnoll but does no damage.
The scorpion misses you.
The gnoll hits you from afar with a +1 spear of venom!
Something misses your bat.
A rat comes into view.
Your bat barely misses the scorpion.
You closely miss the scorpion.
Your bat completely misses the scorpion.
Your bat hits the scorpion. The scorpion stings you.
The gnoll hits you from afar with a +1 spear of venom.
Something hits your bat.
Your bat dies!
Your bat's corpse disappears in a puff of smoke!
The scorpion stings you.
You hit the scorpion but do no damage.
The scorpion is poisoned.
The scorpion is lightly wounded.
Your quokka closely misses the scorpion.
The scorpion misses you.
The gnoll hits you from afar with a +1 spear of venom.
* * * LOW HITPOINT WARNING * * *
Your quokka barely misses the scorpion.
The scorpion attacks as it pursues you! The scorpion barely misses you.
Ijyb screams, "Me stronger than you!"
The rat twitches its whiskers.
The air fills with toxic fumes!
As you read the scroll labelled FUAMNA ZYSOE, it crumbles to dust.
It was a scroll of poison.
Your quokka bites the scorpion but does no damage.
The scorpion stings your quokka.
The gnoll hits you from afar with a +1 spear of venom.
You die...

..
#h##.........
...
##.##........
#..§
#g.##........
#..§§
###.########.>.
#§§§#r..# ...
#..§§h###
###.#§gr##
#..$#s§##
#...##@§#
.....###§§§§#
#.#...# ###§§§§
...#.### #§§ ..
.. § ###


You could see a scorpion (distracted, very poisoned, ally target), a hound, a
gnoll, a rat and a friendly quokka (summoned).

Vanquished Creatures
  An endoplasm (D:1)
  A giant cockroach (D:2)
  3 goblins (D:2)
  2 hobgoblins (D:1)
  A jackal (D:1)
  A kobold (D:1)
  2 quokkas (D:1)
  A ball python (D:2)
  4 bats (D:1)
  A rat (D:3)
17 creatures vanquished.

Vanquished Creatures (collateral kills)
  An adder (D:2)
  A ribbon worm (D:2)
  A ball python (D:1)
  A giant cockroach (D:1)
  A goblin (D:2)
  2 hobgoblins (D:1)
  3 jackals (D:1)
  A quokka (D:1)
  A bat (D:1)
  4 kobolds
  2 rats
18 creatures vanquished.

Grand Total: 35 creatures vanquished

Notes
Turn   | Place    | Note
-------+----------+-------------------------------------------
     0 | D:1      | spaghetti the Mummy Summoner began the quest for the Orb.
     0 | D:1      | Reached XP level 1. HP: 13/13 MP: 4/4
   150 | D:1      | Reached skill level 1 in Fighting
   268 | D:1      | Reached XP level 2. HP: 21/22 MP: 5/5
   277 | D:1      | Learned a level 2 spell: Call Imp
   374 | D:1      | HP: 1/22 [quokka (3)]
   384 | D:1      | HP: 1/22 [quokka (2)]
  1076 | D:2      | Reached XP level 3. HP: 13/28 MP: 2/7
  1080 | D:2      | Learned a level 3 spell: Call Canine Familiar
  1653 | D:2      | Noticed Terence
  1737 | D:3      | Noticed a scorpion
  1749 | D:3      | Noticed Ijyb
  1753 | D:3      | Paralysed by Ijyb for 2 turns
  1762 | D:3      | Slain by a gnoll

Illustrated notes

Levels and vault maps discovered:
D:1:      kennysheep_arrival_seaside, layout_rooms
D:2:      layout_basic, uniq_terence
D:3:      layout_rooms, lemuel_zombie_altar_yredelemnul, minmay_quantized,
          uniq_ijyb

Skill      XL: |  1  2 |
---------------+-------+-----
Fighting       | 1 2 |  2.7
Dodging        | |  1.5
Stealth        | |  1.5
Spellcasting   | |  2.6
Summonings     | |  3.6

Action                     || total
---------------------------++-------
  Melee: Unarmed           ||    47
         Punch             ||     2
         Staff             ||    27
         Dagger            ||    21
   Cast: Summon Small Mamm ||    28
         Call Imp          ||    17
         Call Canine Famil ||     6
    Use: Scroll            ||     1
 Armour: Robe              ||    87
  Dodge: Dodged            ||   107
